NYP
STATE COLLEGE SPIKES @ LOS ANGELES (NYP) DODGERS
09/28/2047
 
TOP OF THE 1ST
State College Spikes batting - Pitching for Los Angeles (NYP) Dodgers : LHP Terry LaPlante
Pitching: LHP Terry LaPlante
Batting: RHB Bobby Miles 0-0: Ball
1-0: Ball
2-0: Called Strike
2-1: Fly out, F4 (Popup, 4M, EV 51.9 MPH)
Batting: RHB Ben Politi 0-0: DOUBLE (Flyball, 89XD, EV 110.6 MPH)
Batting: RHB Pat Scaturro 0-0: Foul Ball, location: 2F
0-1: Called Strike
0-2: Foul Ball, location: 2F
0-2: Foul Ball, location: 2F
0-2: Foul Ball, location: 2F
0-2: Strikes out swinging
Batting: RHB Ricky Yerzy 0-0: Called Strike
0-1: Called Strike
0-2: Ball
1-2: Ball
2-2: Ground out U3 (Groundball, 3, EV 96.2 MPH)
Top of the 1st over - 0 runs, 1 hit, 0 errors, 1 left on base; State College 0 - Los Angeles (NYP) 0
BOTTOM OF THE 1ST
Los Angeles (NYP) Dodgers batting - Pitching for State College Spikes : LHP Kurt Sutton
Pitching: LHP Kurt Sutton
Batting: RHB Theo Schepers 0-0: Called Strike
0-1: Ball
1-1: Ball
2-1: Ball
3-1: Fly out, F7 (Line Drive, 7, EV 85.0 MPH)
Batting: RHB Ruben Serrata 0-0: Ball
1-0: Foul Ball, location: 2F
1-1: Fly out, F9 (Flyball, 9D, EV 98.1 MPH)
Batting: SHB Guy Jerome 0-0: Called Strike
0-1: Foul Ball, location: 2F
0-2: Ball
1-2: Strikes out looking
Bottom of the 1st over - 0 runs, 0 hits, 0 errors, 0 left on base; State College 0 - Los Angeles (NYP) 0
TOP OF THE 2ND
State College Spikes batting - Pitching for Los Angeles (NYP) Dodgers : LHP Terry LaPlante
Batting: LHB Ignacio Ocampo 0-0: Ball
1-0: Foul Ball, location: 2F
1-1: Called Strike
1-2: Ball
2-2: Foul Ball, location: 2F
2-2: Foul Ball, location: 2F
2-2: Foul Ball, location: 2F
2-2: Ball
3-2: Base on Balls
Batting: LHB Keith Rice 0-0: Called Strike
0-1: Ball
1-1: Ball
2-1: Ball
3-1: DOUBLE (Line Drive, 9LM, EV 106.2 MPH)
Ignacio Ocampo to third
Batting: RHB Kyle Burns 0-0: Foul Ball, location: 2F
0-1: Foul Ball, location: 2F
0-2: Foul Ball, location: 2F
0-2: Ball
1-2: Strikes out swinging
Batting: LHB Ken Morehead 0-0: Swinging Strike
0-1: Swinging Strike
0-2: Strikes out swinging
Batting: SHB Justin Houser 0-0: Called Strike
0-1: Swinging Strike
0-2: Strikes out swinging
Top of the 2nd over - 0 runs, 1 hit, 0 errors, 2 left on base; State College 0 - Los Angeles (NYP) 0
BOTTOM OF THE 2ND
Los Angeles (NYP) Dodgers batting - Pitching for State College Spikes : LHP Kurt Sutton
Batting: RHB Manny Mendoza 0-0: Ball
1-0: Ball
2-0: Ball
3-0: Base on Balls
Batting: LHB Chris Buchan 0-0: Ball
1-0: Called Strike
1-1: Foul Ball, location: 2F
1-2: Foul Ball, location: 2F
1-2: Ball
2-2: Strikes out swinging
Batting: RHB Javier Solis 0-0: Foul Ball, location: 2F
0-1: Ball
1-1: Ball
2-1: Called Strike
2-2: Strikes out looking
Batting: LHB Fernão Manta 0-0: Foul Ball, location: 2F
0-1: Swinging Strike
0-2: Strikes out looking
Bottom of the 2nd over - 0 runs, 0 hits, 0 errors, 1 left on base; State College 0 - Los Angeles (NYP) 0
TOP OF THE 3RD
State College Spikes batting - Pitching for Los Angeles (NYP) Dodgers : LHP Terry LaPlante
Batting: RHB Bobby Miles 0-0: Fly out, F3 (Popup, 3SF, EV 79.4 MPH)
Batting: RHB Ben Politi 0-0: Called Strike
0-1: Ground out 6-3 (Groundball, 6, EV 111.2 MPH)
Batting: RHB Pat Scaturro 0-0: Ball
1-0: Ball
2-0: Foul Ball, location: 2F
2-1: Foul Ball, location: 2F
2-2: Strikes out swinging
Top of the 3rd over - 0 runs, 0 hits, 0 errors, 0 left on base; State College 0 - Los Angeles (NYP) 0
BOTTOM OF THE 3RD
Los Angeles (NYP) Dodgers batting - Pitching for State College Spikes : LHP Kurt Sutton
Batting: RHB Juan Gallegos 0-0: Ball
1-0: Ball
2-0: Ball
3-0: Base on Balls
Batting: LHB Bobby Gambrell 0-0: Ball
1-0: Ball
2-0: Foul Ball, location: 2F
2-1: Fielders Choice at 2nd, 4-6 (Groundball, 4, EV 105.0 MPH)
Batting: RHB Theo Schepers 0-0: Called Strike
0-1: Foul Ball, location: 2F
0-2: Strikes out looking
Batting: RHB Ruben Serrata 0-0: Called Strike
0-1: Ball
1-1: Ground out 1-3 (Groundball, 23, EV 63.8 MPH)
Bottom of the 3rd over - 0 runs, 0 hits, 0 errors, 1 left on base; State College 0 - Los Angeles (NYP) 0
TOP OF THE 4TH
State College Spikes batting - Pitching for Los Angeles (NYP) Dodgers : LHP Terry LaPlante
Batting: RHB Ricky Yerzy 0-0: Called Strike
0-1: Ball
1-1: Ball
2-1: Called Strike
2-2: Strikes out swinging
Batting: LHB Ignacio Ocampo 0-0: Ball
1-0: Foul Ball, location: 2F
1-1: Foul Ball, location: 2F
1-2: Strikes out swinging
Batting: LHB Keith Rice 0-0: Foul Ball, location: 2F
0-1: Swinging Strike
0-2: Foul Ball, location: 2F
0-2: Strikes out swinging
Top of the 4th over - 0 runs, 0 hits, 0 errors, 0 left on base; State College 0 - Los Angeles (NYP) 0
BOTTOM OF THE 4TH
Los Angeles (NYP) Dodgers batting - Pitching for State College Spikes : LHP Kurt Sutton
Batting: SHB Guy Jerome 0-0: Ball
1-0: Called Strike
1-1: Ball
2-1: Foul Ball, location: 2F
2-2: Strikes out swinging
Batting: RHB Manny Mendoza 0-0: Called Strike
0-1: Ball
1-1: Ground out 4-3 (Groundball, 4M, EV 80.6 MPH)
Batting: LHB Chris Buchan 0-0: Ball
1-0: Ball
2-0: Fly out, F9 (Flyball, 9LS, EV 84.4 MPH)
Bottom of the 4th over - 0 runs, 0 hits, 0 errors, 0 left on base; State College 0 - Los Angeles (NYP) 0
TOP OF THE 5TH
State College Spikes batting - Pitching for Los Angeles (NYP) Dodgers : LHP Terry LaPlante
Batting: RHB Kyle Burns 0-0: Called Strike
0-1: Swinging Strike
0-2: Foul Ball, location: 2F
0-2: Strikes out swinging, 2-3 out at first.
Batting: LHB Ken Morehead 0-0: Called Strike
0-1: Ball
1-1: Foul Ball, location: 2F
1-2: Ground out 3-1 (Groundball, 34S, EV 80.0 MPH)
Batting: SHB Justin Houser 0-0: Foul Ball, location: 2F
0-1: Swinging Strike
0-2: Strikes out swinging
Top of the 5th over - 0 runs, 0 hits, 0 errors, 0 left on base; State College 0 - Los Angeles (NYP) 0
BOTTOM OF THE 5TH
Los Angeles (NYP) Dodgers batting - Pitching for State College Spikes : LHP Kurt Sutton
Batting: RHB Javier Solis 0-0: Called Strike
0-1: Foul Ball, location: 2F
0-2: Strikes out swinging
Batting: LHB Fernão Manta 0-0: Fly out, F9 (Flyball, 9D, EV 100.6 MPH)
Batting: RHB Juan Gallegos 0-0: Foul Ball, location: 2F
0-1: Ball
1-1: Ball
2-1: Foul Ball, location: 2F
2-2: Foul Ball, location: 2F
2-2: Strikes out swinging
Bottom of the 5th over - 0 runs, 0 hits, 0 errors, 0 left on base; State College 0 - Los Angeles (NYP) 0
TOP OF THE 6TH
State College Spikes batting - Pitching for Los Angeles (NYP) Dodgers : LHP Terry LaPlante
Batting: RHB Bobby Miles 0-0: Ball
1-0: Swinging Strike
1-1: Foul Ball, location: 2F
1-2: Ball
2-2: Fly out, F8 (Line Drive, 8LM, EV 96.2 MPH)
Batting: RHB Ben Politi 0-0: Swinging Strike
0-1: Swinging Strike
0-2: Foul Ball, location: 2F
0-2: Ball
1-2: Ball
2-2: Strikes out swinging
Batting: RHB Pat Scaturro 0-0: Ground out 3-1 (Groundball, 34, EV 83.1 MPH)
Top of the 6th over - 0 runs, 0 hits, 0 errors, 0 left on base; State College 0 - Los Angeles (NYP) 0
BOTTOM OF THE 6TH
Los Angeles (NYP) Dodgers batting - Pitching for State College Spikes : LHP Kurt Sutton
Batting: LHB Bobby Gambrell 0-0: Ball
1-0: Foul Ball, location: 2F
1-1: Fly out, F8 (Flyball, 8LD, EV 88.1 MPH)
Batting: RHB Theo Schepers 0-0: Ball
1-0: SINGLE (Groundball, 34D, EV 95.0 MPH)
Batting: RHB Ruben Serrata 0-0: Fly out, F9 (Flyball, 89M, EV 99.4 MPH)
Batting: SHB Guy Jerome 0-0: Ball
1-0: Called Strike
Theo Schepers steals 2nd base
1-1: Ball
2-1: Called Strike
2-2: Strikes out swinging, 2-3 out at first.
Bottom of the 6th over - 0 runs, 1 hit, 0 errors, 1 left on base; State College 0 - Los Angeles (NYP) 0
TOP OF THE 7TH
State College Spikes batting - Pitching for Los Angeles (NYP) Dodgers : LHP Terry LaPlante
Batting: RHB Ricky Yerzy 0-0: Called Strike
0-1: Ball
1-1: Foul Ball, location: 2F
1-2: Ball
2-2: Foul Ball, location: 2F
2-2: Foul Ball, location: 2F
2-2: Ball
3-2: Strikes out swinging
Batting: LHB Ignacio Ocampo 0-0: Swinging Strike
0-1: Ball
1-1: DOUBLE (Line Drive, 7LM, EV 90.0 MPH)
Batting: LHB Keith Rice 0-0: Called Strike
0-1: Foul Ball, location: 2F
0-2: Ball
1-2: Fly out, F9 (Line Drive, 9S, EV 88.8 MPH)
Batting: RHB Kyle Burns 0-0: Foul Ball, location: 2F
0-1: Ball
1-1: Ball
2-1: Foul Ball, location: 2F
2-2: Strikes out looking
Top of the 7th over - 0 runs, 1 hit, 0 errors, 1 left on base; State College 0 - Los Angeles (NYP) 0
BOTTOM OF THE 7TH
Los Angeles (NYP) Dodgers batting - Pitching for State College Spikes : LHP Kurt Sutton
Batting: RHB Manny Mendoza 0-0: Ball
1-0: Ground out 5-3 (Groundball, 56, EV 87.5 MPH)
Batting: LHB Chris Buchan 0-0: Called Strike
0-1: Foul Ball, location: 2F
0-2: Ball
1-2: Foul Ball, location: 2F
1-2: Ball
2-2: Foul Ball, location: 2F
2-2: Foul Ball, location: 2F
2-2: Foul Ball, location: 2F
2-2: Foul Ball, location: 2F
2-2: Fly out, F8 (Line Drive, 8RM, EV 88.1 MPH)
Batting: RHB Javier Solis 0-0: Foul Ball, location: 2F
0-1: Ground out 6-3 (Groundball, 6S, EV 88.1 MPH)
Bottom of the 7th over - 0 runs, 0 hits, 0 errors, 0 left on base; State College 0 - Los Angeles (NYP) 0
TOP OF THE 8TH
State College Spikes batting - Pitching for Los Angeles (NYP) Dodgers : LHP Terry LaPlante
Pitching: RHP Chris Rodgers
Batting: LHB Ken Morehead 0-0: Called Strike
0-1: Ball
1-1: Swinging Strike
1-2: Strikes out swinging
Batting: SHB Justin Houser 0-0: Foul Ball, location: 2F
0-1: Called Strike
0-2: Ball
1-2: DOUBLE (Line Drive, 9LS, EV 99.4 MPH)
Batting: RHB Bobby Miles 0-0: Called Strike
0-1: Called Strike
0-2: Strikes out looking
Pinch Hitting: LHB Billy Lang 0-0: Called Strike
0-1: Ball
1-1: Foul Ball, location: 2F
1-2: DOUBLE (Line Drive, 7LM, EV 112.5 MPH)
Justin Houser scores
Batting: RHB Pat Scaturro 0-0: Ball
1-0: Ball
2-0: Called Strike
2-1: Ground out 5-3 (Groundball, 56, EV 88.8 MPH)
Top of the 8th over - 1 run, 2 hits, 0 errors, 1 left on base; State College 1 - Los Angeles (NYP) 0
BOTTOM OF THE 8TH
Los Angeles (NYP) Dodgers batting - Pitching for State College Spikes : LHP Kurt Sutton
Now in RF: Billy Lang
Pinch Hitting: RHB Robby Cuellar 0-0: Ball
1-0: Ground out 4-3 (Groundball, 4, EV 101.2 MPH)
Batting: RHB Juan Gallegos 0-0: Called Strike
0-1: Fly out, F5 (Popup, 5F, EV 75.0 MPH)
Pinch Hitting: RHB Alex Mejia 0-0: Ball
1-0: Called Strike
1-1: Foul Ball, location: 2F
1-2: Foul Ball, location: 2F
1-2: Ball
2-2: Ball
3-2: Fly out, F9 (Flyball, 89M, EV 91.9 MPH)
Bottom of the 8th over - 0 runs, 0 hits, 0 errors, 0 left on base; State College 1 - Los Angeles (NYP) 0
TOP OF THE 9TH
State College Spikes batting - Pitching for Los Angeles (NYP) Dodgers : RHP Chris Rodgers
Pitching: LHP Micah Watson
Now at 3B: Jim Jardine
Now in LF: Alex Mejia
Batting: RHB Ricky Yerzy 0-0: Ball
1-0: Ball
2-0: Swinging Strike
2-1: Foul Ball, location: 2F
2-2: Foul Ball, location: 2F
2-2: Strikes out looking
Batting: LHB Ignacio Ocampo 0-0: Ball
1-0: Swinging Strike
1-1: SINGLE (Flyball, 7LS, EV 92.5 MPH)
Batting: LHB Keith Rice 0-0: Ball
Ignacio Ocampo steals 2nd base (no throw)
1-0: Called Strike
1-1: Ball
2-1: Ball
3-1: Base on Balls
Batting: RHB Kyle Burns 0-0: Called Strike
0-1: Ball
1-1: Swinging Strike
1-2: Strikes out swinging
Batting: LHB Ken Morehead 0-0: Ball
1-0: Foul Ball, location: 2F
1-1: Foul Ball, location: 2F
1-2: Foul Ball, location: 2F
1-2: Strikes out swinging
Top of the 9th over - 0 runs, 1 hit, 0 errors, 2 left on base; State College 1 - Los Angeles (NYP) 0
BOTTOM OF THE 9TH
Los Angeles (NYP) Dodgers batting - Pitching for State College Spikes : LHP Kurt Sutton
Pitching: RHP Joe Cornell
Now in LF: Billy Lang
Now in RF: Hank Arias
Batting: RHB Theo Schepers 0-0: Called Strike
0-1: Foul Ball, location: 2F
0-2: Ball
1-2: Foul Ball, location: 2F
1-2: Strikes out looking
Batting: RHB Ruben Serrata 0-0: Ground out 5-3 (Groundball, 5S, EV 80.6 MPH)
Batting: SHB Guy Jerome 0-0: Ground out 6-3 (Groundball, 6, EV 101.2 MPH)
Bottom of the 9th over - 0 runs, 0 hits, 0 errors, 0 left on base; State College 1 - Los Angeles (NYP) 0
Thursday, December 15th , 2022 - OOTP Baseball 23.9 Build 102